 Dungeon Crawl Stone Soup version 0.19.1-28-ge1247f7 (webtiles) character file.

1577 TuxedoFelix the Shield-Bearer (level 8, -12/73 HPs)
             Began as a Minotaur Fighter on Jan 21, 2017.
             Was an Initiate of the Shining One.
             Killed from afar by a deep elf mage (36 damage)
             ... with a bolt of negative energy
             ... on level 7 of the Dungeon.
             The game lasted 00:48:43 (8176 turns).

TuxedoFelix the Shield-Bearer (Minotaur Fighter)    Turns: 8176, Time: 00:48:48

Health: -12/73     AC: -8    Str: 24      XL:     8   Next: 60%
Magic:  7/7        EV:  8    Int:  4 (5)  God:    the Shining One [......]
Gold:   180        SH: 11    Dex: 12      Spells: 0 memorised, 7 levels left

rFire  . . .     SeeInvis .     a - +3 long sword
rCold  + . .     Gourm    .     b - +0 scale mail
rNeg   . . .     Faith    .     c - +0 shield
rPois  .         Spirit   .     (helmet restricted)
rElec  .         Reflect  .     (no cloak)
rCorr  .         Harm     +     (no gloves)
MR     .....                    (no boots)
Stlth  ..........               i - amulet of harm
                                u - ring of protection from cold
                                l - +3 ring of dexterity

@: lethally poisoned (-12 -> -39), corroded, very slightly contaminated, hasted,
glowing, drained, very quick
A: retaliatory headbutt, horns 2
a: Renounce Religion


You were on level 7 of the Dungeon.
You worshipped the Shining One.
The Shining One was noncommittal.
You were not hungry.

You visited 2 branches of the dungeon, and saw 8 of its levels.

You collected 310 gold pieces.
You spent 130 gold pieces at shops.

Inventory:

Hand Weapons
 a - a +3 long sword (weapon)
Missiles
 e - 12 tomahawks (quivered)
Armour
 b - a +0 scale mail (worn)
 c - a +0 shield (worn)
Jewellery
 i - an amulet of harm (around neck)
 l - a +3 ring of dexterity (left hand)
 r - a +3 ring of intelligence
 u - a ring of protection from cold (right hand)
Wands
 q - a wand of polymorph (13/24)
 t - a wand of hasting (1/9)
 w - a wand of lightning (3/15)
Scrolls
 h - a scroll of blinking
 k - a scroll of magic mapping
 m - a scroll of enchant armour {unknown}
 n - a scroll of teleportation {unknown}
 o - 2 scrolls of remove curse
 x - a scroll of silence {unknown}
Potions
 g - a potion of agility
 j - 2 potions of invisibility
 p - 2 potions of flight
 v - 2 potions of mutation
 A - a potion of cure mutation
Comestibles
 d - a slice of pizza
 f - 2 bread rations
 s - 9 fruits
 B - 2 beef jerkies


   Skills:
 + Level 7.3(6.7) Fighting
 + Level 7.1(6.4) Long Blades
 + Level 7.3(6.6) Armour
 - Level 7.3(6.6) Shields
 * Level 1.1(0.5) Invocations


You had 7 spell levels left.
You didn't know any spells.

Dungeon Overview and Level Annotations

Branches:
Dungeon (7/15)             Temple (1/1) D:7

Altars:
Ashenzari
Cheibriados
Dithmenos
Elyvilon
Fedhas
Gozag
Hepliaklqana
Makhleb
Nemelex Xobeh
Qazlal
Ru
Uskayaw
Xom
Yredelemnul
The Shining One

Shops:
D:6 :*


Innate Abilities, Weirdness & Mutations

You reflexively headbutt those who attack you in melee.
You have a pair of horns on your head.


Message History

The redback bites you. The rust devil hits you! The rust devil corrodes you!
The redback completely misses you. You furiously retaliate!
You headbutt the redback!
You riposte.
You hit the redback.
You headbutt the redback, but do no damage.
The redback is almost dead.
You feel better. You block the redback's attack. The rust devil hits you.
The rust devil corrodes you!
The deep elf mage casts a spell.
The deep elf mage blinks!
The redback bites you.
You are lethally poisoned!
The redback poisons you!
Zapping:
t - a wand of hasting {zapped: 2} (will waste charges)
Press: ? - help, Shift-Dir - straight line, f - you You feel yourself speed up.
Evoking this partially-identified wand wasted a few charges.
You feel very sick. The rust devil closely misses you.
The deep elf mage casts a spell at you. The bolt of negative energy hits you!
You feel drained.
You die...

#############
##########............
###..ยง4##.....##........
#...4ss@...e#.....###...
#..83e###.....##........
#.....# ##............#.
###'### #.#.###..#####.
#...#####.#.##.(...##..
#._.##....#.##.###.....
#...##......... #.##..
##########..#.#[##.###.##..
#<.....# #..#.#............


You could see 2 rust devils, 2 deep elf magi, a neqoxec, a tarantella and a
redback.

Vanquished Creatures
  Sigmund (D:5)
  A necrophage (D:7)
  3 ogres
  2 centaurs
  A gnoll sergeant (D:6)
  2 bullfrogs (D:6)
  A scorpion (D:4)
  4 crimson imps
  An orc priest (D:4)
  4 orc wizards
  2 iguanas
  4 worker ants
  2 hound skeletons
  5 gnolls (D:6)
  7 adders
  A river rat (D:6)
  An ooze (D:5)
  An adder skeleton (D:4)
  4 worms
  3 dart slugs
  2 leopard geckos
  14 orcs
  4 ball pythons
  5 giant cockroaches
  3 goblins
  4 hobgoblins
  21 jackals
  5 kobolds
  2 quokkas (D:5)
  7 bats
  3 frilled lizards
  A leopard gecko skeleton (D:7)
  13 rats
134 creatures vanquished.

Notes
Turn   | Place    | Note
-------+----------+-------------------------------------------
     0 | D:1      | TuxedoFelix the Minotaur Fighter began the quest for the Orb.
     0 | D:1      | Reached XP level 1. HP: 19/19 MP: 0/0
    80 | D:1      | Reached XP level 2. HP: 27/27 MP: 1/1
   791 | D:2      | Reached XP level 3. HP: 29/33 MP: 2/2
  2030 | D:3      | Reached XP level 4. HP: 40/40 MP: 3/3
  3004 | D:4      | Reached XP level 5. HP: 43/47 MP: 4/4
  3182 | D:4      | Found a shimmering altar of Xom.
  3371 | D:4      | Reached skill level 5 in Fighting
  3371 | D:4      | Reached skill level 5 in Shields
  3795 | D:4      | Noticed an ogre
  3801 | D:4      | Killed an ogre
  3801 | D:4      | Reached skill level 5 in Armour
  3801 | D:4      | Reached XP level 6. HP: 40/56 MP: 5/5
  5040 | D:5      | Entered Level 5 of the Dungeon
  5324 | D:5      | Reached skill level 5 in Long Blades
  5440 | D:5      | Noticed Sigmund
  5453 | D:5      | Killed Sigmund
  5453 | D:5      | Reached XP level 7. HP: 62/62 MP: 6/6
  6253 | D:6      | Reached XP level 8. HP: 64/71 MP: 7/7
  6837 | D:6      | Found Urut's General Store.
  6843 | D:6      | Bought 2 potions of curing for 78 gold pieces
  6843 | D:6      | Bought a scroll of identify for 26 gold pieces
  6843 | D:6      | Bought a scroll of identify for 26 gold pieces
  6855 | D:6      | Found a sparkling altar of Nemelex Xobeh.
  7299 | D:6      | Found Pagoib's Book Shop.
  7775 | D:7      | Found a staircase to the Ecumenical Temple.
  7780 | Temple   | Entered the Ecumenical Temple
  7873 | Temple   | Became a worshipper of the Shining One
  7912 | D:7      | Found a burning altar of Makhleb.
  7917 | D:7      | Reached skill level 1 in Invocations
  8163 | D:7      | Found a shattered altar of Ashenzari.
  8163 | D:7      | Noticed a deep elf mage
  8163 | D:7      | Noticed a deep elf mage
  8168 | D:7      | Noticed a rust devil
  8172 | D:7      | Noticed a rust devil
  8176 | D:7      | Killed from afar by a deep elf mage

Skill      XL: |  1  2  3  4  5  6  7  8 |
---------------+-------------------------+-----
Shields        | 4 5 6 7 |  7.3
Long Blades    | 3 4 5 6 7 |  7.1
Fighting       | 4 5 6 7 |  7.3
Armour         | 4 5 6 7 |  7.3
Invocations    | 1 |  1.1

Action                   |  1- 3 |  4- 6 |  7- 9 || total
-------------------------+-------+-------+-------++-------
Melee: Long sword        |   100 |   135 |    94 ||   329
       Headbutt          |    18 |    29 |    23 ||    70
Throw: Tomahawk          |       |     1 |       ||     1
Evoke: Wand              |       |       |     1 ||     1
  Use: Scroll            |       |     7 |     7 ||    14
       Potion            |       |     3 |     6 ||     9
  Eat: Bread ration      |     1 |     2 |     2 ||     5
       Chunk             |     1 |       |     2 ||     3
       Pizza             |     1 |       |       ||     1
Armor: Scale mail        |    42 |    54 |    30 ||   126
Dodge: Dodged            |    37 |    25 |    32 ||    94
Block: Shield            |    39 |    67 |    71 ||   177
       Rpst.: Long sword |    12 |     4 |     9 ||    25
